 Dungeon Crawl Stone Soup version 0.25-a0-796-gd415a3ffb0 (webtiles) character file.

Game seed: 11451533270058754387, levelgen mode: deterministic

606 inmateoo the Bolt Thrower (level 7, -6/53 HPs)
             Began as a Formicid Hunter on Apr 19, 2020.
             Mangled by a killer bee (7 damage)
             ... on level 5 of the Dungeon.
             The game lasted 00:03:13 (2987 turns).

inmateoo the Bolt Thrower (Formicid Hunter)         Turns: 2987, Time: 00:03:14

Health: -6/53      AC:  4    Str: 16    XL:     7   Next: 70%
Magic:  7/16       EV: 12    Int: 11    God:
Gold:   125        SH:  0    Dex: 13    Spells: 6/6 levels left

rFire    + . .     SeeInvis +   h - +0 spear "Ogre's Funeral" {freeze, rPois rF+ MP+9} (curse)
rCold    . . .     Gourm    .   (no shield)
rNeg     . . .     Faith    .   c - +0 leather armour
rPois    +         Spirit   .   (helmet unavailable)
rElec    .         Reflect  .   (no cloak)
rCorr    .         Harm     .   b - +0 pair of gloves
MR       .....                  (no boots)
Stlth    ++........             (no amulet)
HPRegen  0.17/turn              (no ring)
MPRegen  0.15/turn              (no ring)

@: no status effects
A: permanent stasis, dig shafts and tunnels, four strong arms, antennae 3
a: Dig, Shaft Self


You were on level 5 of the Dungeon.
You were not hungry.

You visited 1 branch of the dungeon, and saw 5 of its levels.

You collected 125 gold pieces.

Inventory:

Hand Weapons
 a - a +1 hand crossbow
 h - the cursed +0 spear "Ogre's Funeral" (weapon) {freeze, rPois rF+ MP+9}
   (You found it on level 5 of the Dungeon)

   It has been specially enchanted to freeze those struck by it, causing extra
   injury to most foes and up to half again as much damage against particularly
   susceptible opponents.
   It can also slow down cold-blooded creatures.
   It protects you from fire.
   It protects you from poison.
   It affects your magic capacity (+9).
   It has a curse placed upon it.
 o - a +2 short sword of speed
Missiles
 d - 20 bolts
Armour
 b - a +0 pair of gloves (worn)
 c - a +0 leather armour (worn)
Scrolls
 e - a scroll of magic mapping {unknown}
 g - a scroll of enchant weapon {unknown}
 n - 2 scrolls of amnesia
Potions
 q - a potion of brilliance
Comestibles
 f - 6 rations


   Skills:
 + Level 3.8 Fighting
 + Level 7.6 Crossbows
 + Level 2.8 Armour
 + Level 2.0 Dodging
 + Level 1.5 Stealth


You had 6 spell levels left.
You didn't know any spells.
Your spell library was empty.

Dungeon Overview and Level Annotations

Branches:
Dungeon (5/15)             Temple (0/1) D:5

Altars:
Makhleb
Trog
Uskayaw
Wu Jian

Annotations:
D:5 2 transporters, Esekla's ghost, novice OpWr


Innate Abilities, Weirdness & Mutations

You cannot be hasted, slowed, berserked, paralysed or teleported.
You can dig through walls and to a lower floor.
Your four strong arms can wield two-handed weapons with a shield.
You have a pair of large antennae on your head. (SInv)


Message History

* * * LOW HITPOINT WARNING * * *
You aren't carrying any items that you can evoke.
Okay, then.
The killer bee misses you. The killer bee barely misses you.
The killer bee misses you.
You see here a twisted spear.
h - a twisted spear The killer bee barely misses you.
The killer bee stings you.
* * * LOW HITPOINT WARNING * * *
You feel your magic capacity increase.
The cursed +0 spear "Ogre's Funeral" {freeze, rPois rF+ MP+9} glows with a cold blue light!
It sticks to your hand!
h - the cursed +0 spear "Ogre's Funeral" (weapon)
{freeze, rPois rF+ MP+9} The killer bee stings you but does no damage.
Unknown command.
You hit the killer bee but do no damage.
The killer bee is severely wounded.
The killer bee stings you!
You die...

©...OW#........)..######.##
.#..#.#.............##....#
..##..#.......#....##.....# .
##..#...........###.....#
#..#.#©................[.#
....(#...^................
.#..#$#©....♣♣♣.....♣♣♣....
..##..#.....♣≈≈≈≈≈≈≈≈≈♣..#.
..##.O#...@.♣≈♣.....♣≈♣.##. #
.#..#O#..y...≈.......≈...## ..
.....W#......≈.......≈...## ..
#########.#....≈...>...≈....#
...##........##....≈.......≈...##
#..#........####...≈.......≈..##
.......###...# #..♣≈♣.....♣≈♣.#
.....#####..## ##.♣≈≈≈≈≈≈≈≈≈♣.#
#.......#....# ##.♣♣♣.....♣♣♣.#


You could see 2 ogres, a killer bee and Esekla's ghost.

Vanquished Creatures
  Sigmund (D:4)
  A centaur (D:5)
  A scorpion (D:3)
  2 jellies (D:5)
  An orc priest (D:4)
  A hound (D:4)
  A worker ant (D:4)
  Natasha (twice) (D:4)
  2 adders
  A worm (D:2)
  3 dart slugs
  A leopard gecko (D:2)
  10 orcs
  3 giant cockroaches
  5 goblins
  9 hobgoblins
  3 jackals (D:2)
  3 quokkas
  A ball python (D:1)
  10 bats
  2 frilled lizards
  6 kobolds
  A leopard gecko skeleton (D:3)
  11 rats
81 creatures vanquished.

Notes
Turn   | Place    | Note
-------+----------+-------------------------------------------
     0 | D:1      | inmateoo the Formicid Hunter began the quest for the Orb.
     0 | D:1      | Reached XP level 1. HP: 16/16 MP: 1/1
    74 | D:1      | Reached XP level 2. HP: 22/22 MP: 2/2
   328 | D:1      | Reached XP level 3. HP: 27/27 MP: 3/3
   619 | D:2      | Reached skill level 5 in Crossbows
   687 | D:2      | Reached XP level 4. HP: 33/33 MP: 4/4
  1110 | D:3      | Reached skill level 1 in Armour
  1110 | D:3      | Reached XP level 5. HP: 22/39 MP: 5/5
  1416 | D:3      | Found a burning altar of Makhleb.
  1436 | D:3      | Found a hide-covered altar of Uskayaw.
  1683 | D:3      | Found a bloodstained altar of Trog.
  1910 | D:4      | Found an ornate altar of the Wu Jian Council.
  1949 | D:4      | Noticed Sigmund
  1956 | D:4      | Killed Sigmund
  1956 | D:4      | Reached skill level 6 in Crossbows
  1956 | D:4      | Reached XP level 6. HP: 36/47 MP: 6/6
  2026 | D:4      | Noticed Natasha
  2028 | D:4      | Killed Natasha
  2054 | D:4      | Noticed Natasha
  2057 | D:4      | Killed Natasha
  2139 | D:4      | Reached XP level 7. HP: 52/52 MP: 7/7
  2163 | D:4      | Reached skill level 7 in Crossbows
  2779 | D:5      | Entered Level 5 of the Dungeon
  2787 | D:5      | Found a transporter.
  2796 | D:5      | Noticed Esekla's ghost (novice OpWr)
  2802 | D:5      | Found a transporter.
  2828 | D:5      | Found a staircase to the Ecumenical Temple.
  2980 | D:5      | HP: 2/53 [killer bee (6)]
  2985 | D:5      | Got a twisted spear
  2985 | D:5      | HP: 1/53 [killer bee (4)]
  2986 | D:5      | Identified the cursed +0 spear "Ogre's Funeral" {freeze,
                  | rPois rF+ MP+9} (You found it on level 5 of the Dungeon)
  2987 | D:5      | Mangled by a killer bee

Levels and vault maps discovered:
D:1:      minmay_arrival_wavy_path, layout_rooms,
          chequers_serial_rivers_large_a, minmay_misc_feat_plants,
          ebering_dispersal_statue_hall
D:2:      layout_rooms
D:3:      layout_basic, lightli_temple_of_fire, overflow_temple_1_default,
          lemuel_crystal_altar
D:4:      layout_loops_corners, old_standard_altar, first_ration,
          minmay_misc_feat_ornament, uniq_sigmund, uniq_natasha
D:5:      layout_cave_pools, minmay_temple_entry_water_ring,
          gammafunk_ghost_smash, uniq_duvessa

Skill      XL: |  1  2  3  4  5  6  7 |
---------------+----------------------+-----
Crossbows      | 5 6 7 |  7.6
Armour         | 1 2 |  2.8
Fighting       | 3 |  3.8
Dodging        | 2 |  2.0
Stealth        | |  1.5

Action                   |  1- 3 |  4- 6 |  7- 9 || total
-------------------------+-------+-------+-------++-------
Melee: Short sword       |       |     1 |    15 ||    16
       Spear             |       |       |     1 ||     1
 Fire: Hand crossbow     |    68 |    70 |    33 ||   171
  Use: Scroll            |       |    10 |       ||    10
       Potion            |       |       |     5 ||     5
  Eat: Chunk             |       |     4 |     2 ||     6
Armor: Leather armour    |     6 |     7 |     6 ||    19
Dodge: Dodged            |    19 |    14 |    21 ||    54

Table legend:
 A = Non-vault XP
 B = Vault XP
 C = Vault XP percentage of total XP
 D = Non-vault monster count
 E = Vault monster count
 F = Vault count percentage of total count
                 A         B        C        D         E       F
            +---------+---------+-------+---------+---------+-------
      Total |     589 |     277 |  32.0 |      79 |       2 |   2.5
            +---------+---------+-------+---------+---------+-------
        D:1 |      40 |       0 |   0.0 |      25 |       0 |   0.0
        D:2 |      52 |       0 |   0.0 |      19 |       0 |   0.0
        D:3 |     114 |       0 |   0.0 |      19 |       0 |   0.0
        D:4 |     166 |     277 |  62.5 |       9 |       2 |  18.2
        D:5 |     217 |       0 |   0.0 |       7 |       0 |   0.0
            +---------+---------+-------+---------+---------+-------
